 Dungeon Crawl Stone Soup version 0.30-a0-728-gc68057be0a (webtiles) character file.

Game seed: 13360157842127994626

35 lunkers the Slasher (level 3, 31/31 HPs)
             Began as a Meteoran Fighter on Jan 30, 2023.
             Was a Follower of Cheibriados.
             Quit the game on level 3 of the Dungeon.
             The game lasted 00:01:55 (767 turns).

lunkers the Slasher (Meteoran Fighter)               Turns: 767, Time: 00:01:55

Health: 31/31      AC:  8    Str: 19    XL:     3   Next: 76%
Magic:  4/4        EV:  9    Int: 11    God:    Cheibriados [*.....]
Gold:   59         SH:  5    Dex: 18    Spells: 2/2 levels left

rFire   . . .      SeeInvis .    a - +0 long sword
rCold   . . .      Faith    .    c - +0 buckler
rNeg    . . .      Spirit   .    b - +0 scale mail
rPois   .          Reflect  .    (no helmet)
rElec   .          Harm     .    (no cloak)
rCorr   .          Rampage  .    (no gloves)
Will    .....                    i - +0 pair of boots
Stlth   +                        (no amulet)
HPRegen 0.25/turn                m - ring of the Fool {Wiz Stlth+}
MPRegen 0.09/turn                (no ring)

@: glowing, very slow
A: sense surroundings 1, otherworldly, glowing, explore regen
a: Renounce Religion, Bend Time


You were on level 3 of the Dungeon.
You worshipped Cheibriados.
Cheibriados was aware of your devotion.
You visited 1 branch of the dungeon, and saw 3 of its levels.

You collected 59 gold pieces.

Inventory:

Hand Weapons
 a - a +0 long sword (weapon)
Armour
 b - a +0 scale mail (worn)
 c - a +0 buckler (worn)
 i - a +0 pair of boots (worn)
Jewellery
 m - a ring of the Fool (left hand) {Wiz Stlth+}
   (You found it on level 2 of the Dungeon)

   [ring of wizardry]

   It improves your spell success rate.
   Stlth:     It makes you more stealthy.
 n - an amulet of faith
 o - a ring of fire
Scrolls
 e - 2 scrolls of identify {unknown}
 f - a scroll of enchant weapon {unknown}
 h - a scroll of noise {unknown}
 j - a scroll of brand weapon {unknown}
 k - a scroll of torment {unknown}
 q - a scroll of amnesia {unknown}
Potions
 d - a potion of might
 g - a potion of attraction {unknown}
 l - 3 potions of heal wounds {unknown}
 p - a potion of brilliance {unknown}


   Skills:
 - Level 3.2 Fighting
 + Level 4.4 Long Blades
 - Level 3.6 Armour
 - Level 3.6 Shields


You had 2 spell levels left.
You didn't know any spells.
Your spell library was empty.

Dungeon Overview and Level Annotations

Branches:
Dungeon (3/15) Zot: 1524

Altars:
Cheibriados


Innate Abilities, Weirdness & Mutations

You passively map a small area around you.
You are easily found by Zot.
You glow in the dark.
You regain HP and MP as you explore.


Message History

Where to? (? - help)
What level of the Dungeon? (default 1, ? - help)
There is an open door here.
There is a stone staircase leading down here.
You climb downwards.
Found a brown potion.
There is a stone staircase leading up here.
p - a brown potion No target in view!
No target in view!
You now have 59 gold pieces (gained 4).
q - a scroll labelled YHENEU FUOZY
Found an escape hatch in the floor.
Found a stone staircase leading up.
Found a spear.
No target in view!
No target in view!
No target in view!
Found 6 stones.
No target in view!
No target in view!
No target in view!
No target in view!
No target in view!
Found a ring mail.
No target in view!
No target in view!
You see here a +0 spear.
Found an escape hatch in the ceiling.
Found 7 stones.
Found a stone staircase leading down.
Found a faded altar of an unknown god.
There is a faded altar of an unknown god here.
This altar belongs to (a) Cheibriados, (b) Makhleb or (c) Trog, but you can't tell which.
Press the corresponding letter to learn more about a god, or press enter to convert or escape to cancel.
Cheibriados accepts your prayer! Cheibriados welcomes you!
Cheibriados begins to support your attributes as your movement slows.
Cheibriados is now slowing the effects of poison on you.
You can now bend time to slow others.
Cheibriados raises the support of your attributes as your movement slows.
Are you sure you want to abandon this character and quit the game? (Confirm with "yes".)

###########
####.........##
#..........#..##
#.⌠~⌠~~⌠~⌠.##..#
#.~........###.####
#.~.####.~.# #....#
#.⌠...@#.⌠.# ####.#####
#...####.~.# #...)..
#.~.....P~.#** ##......
#.~P~~P⌠~⌠.# ..........
#..........#...........
#...?<.....#...........
#...####......8..8....#
#...# #........[..(..#
#..>. ,.....8......8...


There were no monsters in sight!

Vanquished Creatures
  An adder (D:2)
  A worm (D:2)
  6 endoplasms
  2 giant cockroaches
  A goblin (D:1)
  A hobgoblin (D:2)
  A quokka (D:1)
  A ball python (D:1)
  4 bats
  A kobold (D:1)
  2 rats
21 creatures vanquished.

Vanquished Creatures (others)
  6 plants (D:3)
6 creatures vanquished.

Grand Total: 27 creatures vanquished

Notes
Turn   | Place    | Note
-------+----------+-------------------------------------------
     0 | D:1      | lunkers the Meteoran Fighter began the quest for the Orb.
     0 | D:1      | Reached XP level 1. HP: 19/19 MP: 2/2
   154 | D:1      | Reached skill level 3 in Long Blades
   154 | D:1      | Reached XP level 2. HP: 21/26 MP: 3/3
   352 | D:2      | Reached skill level 4 in Long Blades
   352 | D:2      | Reached XP level 3. HP: 31/31 MP: 4/4
   382 | D:2      | Identified a ring of the Fool {Wiz Stlth+}
   761 | D:3      | Found a faded altar of an unknown god.
   766 | D:3      | Prayed at the altar of an unknown god.
   766 | D:3      | Became a worshipper of Cheibriados the Contemplative
   766 | D:3      | Reached * piety under Cheibriados
   767 | D:3      | Quit the game

Illustrated notes

Levels and vault maps discovered:
D:1:      roderic_crop_circles_arrival_small, layout_basic, minmay_tetromino_i2
D:2:      layout_basic, kennysheep_donut
D:3:      gammafunk_steamed_eel, layout_basic, serial_bayou,
          serial_bayou_shore_a, serial_bayou_pond_a, serial_bayou_shore_b,
          serial_bayou_lagoon_a, shapermc_ecumenical_altar_acropolis,
          minmay_misc_feat_plants, kennysheep_jessica_study

Skill      XL: |  1  2 |
---------------+-------+-----
Long Blades    | 3 4 |  4.4
Fighting       | |  3.2
Armour         | |  3.6
Shields        | |  3.6

Action                     || total
---------------------------++-------
  Melee: Long sword        ||    69
 Armour: Scale mail        ||    39
  Dodge: Dodged            ||    26
  Block: Buckler           ||    15

Table legend: (Time is in decaauts)
 A = Elapsed time spent in this place.
 B = Non-inter-level travel time spent in this place.
 C = Inter-level travel time spent in this place.
 D = Time resting spent in this place.
 E = Time spent auto-exploring this place.
 F = Levels seen in this place.
 G = Mean time per level.
                   A        B        C        D        E       F      G
               +--------+--------+--------+--------+--------+-----+--------+
         Total |    783 |    759 |     24 |      0 |    546 |   3 |  261.0 |
       Dungeon |    783 |    759 |     24 |      0 |    546 |   3 |  261.0 |
               +--------+--------+--------+--------+--------+-----+--------+

Top non-repeatable levels by time:
     D:2: 419 daAuts
     D:1: 273 daAuts
     D:3: 91 daAuts
